 Dungeon Crawl Stone Soup version 0.26-a0-1086-g9010512d90 (webtiles) character file.

Game seed: 9752404800847566280

3273 stormannn the Destroyer (level 9, -11/45 HPs)
             Began as a Deep Elf Earth Elementalist on Dec 14, 2020.
             Was a Believer of Vehumet.
             Shot with a bolt by an orc warrior (13 damage)
             ... in a bailey on Dec 15, 2020.
             The game lasted 00:39:47 (9126 turns).

stormannn the Destroyer (DEEE)                      Turns: 9126, Time: 00:39:48

Health: -11/45     AC:  6    Str:  5    XL:     9   Next: 68%
Magic:  10/23      EV: 18    Int: 24    God:    Vehumet [**....]
Gold:   353        SH:  0    Dex: 18    Spells: 7/24 levels left

rFire    . . .     SeeInvis +   c - +4 hand axe
rCold    . . .     Faith    .   (no shield)
rNeg     . . .     Spirit   .   M - +1 robe {Will+}
rPois    .         Reflect  .   f - +0 helmet
rElec    +         Harm     .   (no cloak)
rCorr    +         Rampage  .   t - +0 pair of gloves
Will     +....                  v - +0 pair of boots
Stlth    ++........             r - amulet of magic regeneration
HPRegen  0.15/turn              d - ring of wizardry
MPRegen  0.43/turn              x - ring "Girejal" {*Drain rElec rCorr Dex+3 SInv}

@: no status effects
A: no striking features
a: Renounce Religion


You were in a bailey.
You worshipped Vehumet.
Vehumet was pleased with you.
You visited 2 branches of the dungeon, and saw 9 of its levels.
You also visited: Bailey.

You collected 353 gold pieces.

Inventory:

Hand Weapons
 c - a +4 hand axe (weapon)
 g - a +0 short sword
Missiles
 n - 8 javelins
 o - 118 stones (quivered)
 u - 139 arrows
Armour
 f - a +0 helmet (worn)
 t - a +0 pair of gloves (worn)
 v - a +0 pair of boots (worn)
 w - a +2 kite shield
 M - a +1 robe of willpower (worn)
Jewellery
 d - a ring of wizardry (left hand)
 h - a cursed ring of teleportation {unknown}
 r - an amulet of magic regeneration (around neck)
 x - the ring "Girejal" (right hand) {*Drain rElec rCorr Dex+3 SInv}
   (You found it on level 4 of the Dungeon)

   [ring of resist corrosion]

   It affects your dexterity (+3).
   It insulates you from electricity.
   It lets you see invisible.
   It provides partial protection from all sources of acid and corrosion.
   It causes draining when unequipped.
 y - a cursed amulet of inaccuracy {unknown}
 C - an uncursed ring of magical power {unknown}
Wands
 z - a wand of paralysis (9)
 B - a wand of flame (19)
 J - a wand of enslavement (6)
Scrolls
 a - 2 scrolls of blinking
 e - 2 scrolls of enchant armour {unknown}
 i - 3 scrolls of remove curse
 s - a scroll of random uselessness {unknown}
 D - a scroll of enchant weapon {unknown}
 E - a scroll of magic mapping {unknown}
 G - a scroll of noise {unknown}
 H - 2 scrolls of identify
 I - 2 scrolls of fog {unknown}
 L - a scroll of amnesia {unknown}
Potions
 b - 3 potions of might
 j - a potion of mutation
 k - 3 potions of curing
 l - 2 potions of lignification
 m - a potion of heal wounds
 p - a potion of resistance
 q - a potion of attraction {unknown}
 A - 2 potions of brilliance {unknown}
 F - a potion of haste {unknown}
 K - a potion of flight {unknown}


   Skills:
 + Level 7.7 Dodging
 - Level 2.4 Stealth
 + Level 8.4 Spellcasting
 * Level 8.6 Conjurations
 - Level 2.6 Transmutations
 + Level 3.0 Air Magic
 + Level 7.3 Earth Magic


You had 7 spell levels left.
You knew the following spells:

 Your Spells              Type           Power        Failure   Level
a - Sandblast             Erth           #####.       1%          1
b - Stone Arrow           Conj/Erth      #####.       1%          3
c - Magic Dart            Conj           ####         1%          1
d - Searing Ray           Conj           ######       1%          2
e - Petrify               Tmut/Erth      ####....     3%          4
f - Shock                 Conj/Air       ####         1%          1
g - Lee's Rapid Deconstr  Erth           #####.....   3%          5

Your spell library contained the following spells:

 Spells                   Type           Power        Failure   Level
 Foxfire                  Conj/Fire      ####         1%          1
 Passwall                 Tmut/Erth      ####....     1%          2
 Dazzling Flash           Conj/Hex       ####..       1%          3
 Fulminant Prism          Conj/Hex       ####......   4%          4
 Iskenderun's Mystic Bla  Conj/Tloc      ####....     4%          4


Dungeon Overview and Level Annotations

Branches:
Dungeon (8/15)             Temple (1/1) D:5          Bailey (1/1)
   Lair: D:8-11

Altars:
Ashenzari
Cheibriados
Dithmenos
Elyvilon
Fedhas
Gozag
Kikubaaqudgha
Makhleb
Ru
Sif Muna
Trog
Vehumet
Wu Jian
Xom
Yredelemnul
Zin
The Shining One

Shops:
D:5 [

Annotations:
D:4 3 runed translucent doors, CowFu's ghost, amateur DrTm
D:5 1 runed translucent door, Zonian's ghost, amateur TeCj


Message History

Confirm with . or Enter, or press ? or * to list all spells.
Aiming: Magic Dart (safe; 1% risk of failure)
Press: ? - help, Shift-Dir - straight line, f/p - orc warrior
Aim: an orc warrior, wielding a +0 arbalest, wearing a +0 scale mail and quivering 8 bolts (severely wounded, 0% to evade)
The magic dart hits the orc warrior.
The orc warrior is severely wounded.
Unknown command.
Casting: Magic Dart (safe; 1% risk of failure)
Confirm with . or Enter, or press ? or * to list all spells.
Aiming: Magic Dart (safe; 1% risk of failure)
Press: ? - help, Shift-Dir - straight line, f/p - orc warrior
Aim: an orc warrior, wielding a +0 arbalest, wearing a +0 scale mail and quivering 8 bolts (severely wounded, 0% to evade)
The magic dart hits the orc warrior but does no damage.
The orc warrior is severely wounded.
The orc warrior shoots a bolt.
The bolt hits you!!
Ouch! That really hurt!
* * * LOW HITPOINT WARNING * * *
An orc comes into view. It is wielding a +0 halberd.
The orc warrior shoots a bolt.
The bolt hits you!
You die...

#### ##∩## ####
....##...##..o.
≈≈≈..#...#..≈≈≈
≈o≈≈.......≈≈o≈
o≈o......≈o
..).).. #...#
#.∩.# ##@## ###


You could see an orc warrior and an orc.

Vanquished Creatures
  Sigmund (D:5)
  Eustachio (D:5)
  A water moccasin (D:7)
  Duvessa (D:5)
  3 orc warriors
  An ice beast (D:7)
  4 ogres
  2 sky beasts
  3 centaurs
  2 phantoms
  A bullfrog (D:6)
  Dowan (D:5)
  A scorpion (D:8)
  6 killer bees (D:6)
  5 wights (D:7)
  2 howler monkeys
  A bullfrog zombie (D:6)
  2 bullfrog skeletons (D:4)
  An orc priest (D:7)
  A hound (D:6)
  2 orc wizards (D:7)
  2 iguanas
  Ijyb (D:5)
  6 worker ants
  2 hound skeletons
  4 gnolls (D:5)
  8 adders
  A shadow imp (D:7)
  2 white imps (D:7)
  2 ufetubi (D:5)
  3 oozes
  A worm (D:6)
  3 dart slugs
  8 leopard geckos
  18 orcs
  A ball python (D:5)
  4 giant cockroaches
  15 goblins
  12 hobgoblins
  9 jackals
  2 quokkas
  6 bats
  6 frilled lizards
  11 kobolds
  10 rats
179 creatures vanquished.

Notes
Turn   | Place    | Note
-------+----------+-------------------------------------------
     0 | D:1      | stormannn the Deep Elf Earth Elementalist began the quest
                  | for the Orb.
     0 | D:1      | Reached XP level 1. HP: 10/10 MP: 6/6
    56 | D:1      | Reached XP level 2. HP: 15/15 MP: 2/8
   585 | D:1      | Reached XP level 3. HP: 19/19 MP: 2/10
  1490 | D:2      | Reached XP level 4. HP: 19/24 MP: 8/11
  1672 | D:2      | Learned a level 3 spell: Stone Arrow
  3072 | D:3      | Learned a level 1 spell: Magic Dart
  3075 | D:3      | Learned a level 2 spell: Searing Ray
  3600 | D:3      | Reached XP level 5. HP: 28/28 MP: 4/13
  4068 | D:4      | Noticed an ogre
  4090 | D:4      | Killed an ogre
  4252 | D:4      | Found a runed translucent gate.
  4252 | D:4      | Found a runed translucent gate.
  4252 | D:4      | Found a runed translucent gate.
  4275 | D:4      | Reached XP level 6. HP: 28/32 MP: 4/15
  4580 | D:4      | Reached skill level 5 in Spellcasting
  4697 | D:4      | Noticed an ice beast
  4856 | D:4      | Found a glowing silver altar of Zin.
  4894 | D:4      | Found a basalt altar of Yredelemnul.
  5024 | D:4      | Got a transparent granite ring
  5180 | D:4      | Identified the ring "Girejal" {*Drain rElec rCorr Dex+3
                  | SInv} (You found it on level 4 of the Dungeon)
  5191 | D:4      | Noticed CowFu's ghost (amateur DrTm)
  5211 | D:5      | Entered Level 5 of the Dungeon
  5292 | D:5      | Noticed Ijyb
  5298 | D:5      | Killed Ijyb
  5583 | D:5      | Found a staircase to the Ecumenical Temple.
  5590 | Temple   | Entered the Ecumenical Temple
  5594 | Temple   | Became a worshipper of Vehumet
  5601 | D:5      | Reached XP level 7. HP: 36/36 MP: 15/17
  5615 | D:5      | Noticed Duvessa
  5644 | D:5      | Found Kodgh's Armour Emporium.
  5651 | D:5      | Noticed Sigmund
  5656 | D:5      | Killed Sigmund
  5657 | D:5      | Reached skill level 5 in Dodging
  5657 | D:5      | Reached skill level 5 in Earth Magic
  5814 | D:5      | Found a shimmering blue altar of Sif Muna.
  5882 | D:5      | Reached skill level 5 in Conjurations
  5928 | D:5      | Found a runed translucent door.
  5933 | D:5      | Noticed Zonian's ghost (amateur TeCj)
  5958 | D:5      | Noticed Eustachio
  5967 | D:5      | Killed Eustachio
  5968 | D:5      | Reached XP level 8. HP: 41/41 MP: 13/19
  6091 | D:5      | Noticed Dowan
  6101 | D:5      | Killed Duvessa
  6103 | D:5      | Killed Dowan
  6566 | D:6      | Learned a level 4 spell: Petrify
  6708 | D:6      | Found a shadowy altar of Dithmenos.
  6766 | D:6      | Reached * piety under Vehumet
  6766 | D:6      | Offered knowledge of Shock by Vehumet.
  6990 | D:5      | Learned a level 1 spell: Shock
  7099 | D:6      | Reached skill level 1 in Air Magic
  7271 | D:6      | Reached XP level 9. HP: 44/45 MP: 16/22
  8747 | D:7      | Reached ** piety under Vehumet
  8747 | D:7      | Offered knowledge of Foxfire by Vehumet.
  8754 | D:7      | Learned a level 5 spell: Lee's Rapid Deconstruction
  8944 | D:8      | Noticed a troll
  8955 | D:8      | Noticed a four-headed hydra
  9091 | D:8      | Found a flagged portal.
  9100 | Bailey   | Entered a bailey
  9100 | Bailey   | Noticed an orc knight
  9125 | Bailey   | HP: 2/45 [orc warrior/bolt (31)]
  9126 | Bailey   | Shot with a bolt by an orc warrior

Illustrated notes

Levels and vault maps discovered:
D:1:      dpeg_arrival_refuge, layout_basic, minmay_tromino_v4_b
D:2:      layout_basic
D:3:      layout_basic, gup_sewer_entry_pipe, grunt_decor_mini_mirrors,
          hangedman_decor_points
D:4:      layout_rooms, zin_scriptorium, general_overflow_altar,
          gammafunk_ghost_icy
D:5:      layout_loops_ring, nicolae_overflow_hidden_temple,
          minmay_temple_entry_sparse_star, ebering_ghost_sewer_d, serial_shops,
          shop_statue, supply_closet_lemuel, minmay_misc_feat_iff, uniq_duvessa,
          uniq_eustachio, uniq_ijyb, uniq_sigmund
D:6:      layout_rooms, grunt_dithmenos_smoke_and_mirrors, grunt_ministairs_15,
          kennysheep_generic_room_3
D:7:      layout_rooms
D:8:      layout_loops_ring, overflow_temple_1_default, enter_bailey_5,
          uniq_prince_ribbit1
Temple:   nicolae_temple_x_marks_the_god
Bailey:   bailey_polearm_4, bailey

Skill      XL: |  1  2  3  4  5  6  7  8  9 |
---------------+----------------------------+-----
Dodging        | 3 4 5 6 7 |  7.7
Transmutations | 2 |  2.6
Spellcasting   | 4 5 6 7 8 |  8.4
Earth Magic    | 4 5 6 7 |  7.3
Conjurations   | 2 3 5 7 8 |  8.6
Air Magic      | 1 3 |  3.0
Stealth        | |  2.4

Action                   |  1- 3 |  4- 6 |  7- 9 || total
-------------------------+-------+-------+-------++-------
Melee: Unarmed           |     2 |       |       ||     2
       Short sword       |       |    11 |     1 ||    12
 Cast: Sandblast         |    71 |     9 |    40 ||   120
       Magic Dart        |       |   114 |   168 ||   282
       Stone Arrow       |       |    27 |    28 ||    55
       Searing Ray       |       |     7 |    17 ||    24
       Shock             |       |       |    20 ||    20
       Petrify           |       |       |     5 ||     5
       Lee's Rapid Decon |       |       |     7 ||     7
  Use: Scroll            |       |     4 |     7 ||    11
Armor: Robe              |     6 |     6 |     6 ||    18
Dodge: Dodged            |    20 |    42 |    56 ||   118

Table legend: (Time is in decaauts)
 A = Elapsed time spent in this place.
 B = Non-inter-level travel time spent in this place.
 C = Inter-level travel time spent in this place.
 D = Time resting spent in this place.
 E = Time spent auto-exploring this place.
 F = Levels seen in this place.
 G = Mean time per level.
                   A        B        C        D        E       F      G
               +--------+--------+--------+--------+--------+-----+--------+
         Total |   9133 |   8931 |    202 |   3233 |   4072 |  10 |  913.3 |
       Dungeon |   9098 |   8899 |    199 |   3233 |   4072 |   8 | 1137.2 |
        Temple |      8 |      5 |      3 |      0 |      0 |   1 |    8.0 |
        Bailey |     25 |     25 |      0 |      0 |      0 |   1 |   25.0 |
               +--------+--------+--------+--------+--------+-----+--------+

Top non-repeatable levels by time:
     D:2: 1879 daAuts
     D:5: 1449 daAuts
     D:3: 1254 daAuts
     D:6: 1192 daAuts
     D:4: 1145 daAuts
     D:7: 1124 daAuts
     D:1: 938 daAuts
     D:8: 114 daAuts
  Bailey: 25 daAuts
  Temple: 8 daAuts
